Bears vs Punishers

Created - December 14, 2024 at 10:07

Goals
1 2 3 T
Bears 1 1 0 2
Punishers 1 0 0 1
Shots
1 2 3 T
Bears 15 14 4 33
Punishers 9 8 10 27

1st period

1. Bears , Sam Carrick 6 (Kerby Rychel 19, Michael Prapavessis 6) at 13:35
2. Punishers , Braden Tracey 2 (Adam Ruzicka 8, Carson Meyer 13) at 15:10

Penalties :
Sam Carrick (Her) for Delaying the game (Minor) at 3:07, Braden Tracey (Pro) for Delaying the game (Minor) at 9:06

2nd period

3. Bears , Isaac Ratcliffe 3 (Tommy Vannelli 7, Vincent Dunn 6) at 10:20

Penalties :
Ben Betker (Pro) for Diving (Minor) at 0:07, Rasmus Sandin (Pro) for Interference (Minor) at 5:07, Oskar Lindblom (Pro) for Goalie Interference (Minor) at 5:27

3rd period

No Goal

Penalties :
Nicholas Caamano (Her) for Slashing (Minor) at 12:15

Goalie Stats

Garret Sparks (Her), 26 saves from 27 shots - (0.963), W, 6-9-2, 60:00 minutes
Antoine Bibeau (Pro), 31 saves from 33 shots - (0.939), L, 10-5-2, 59:08 minutes

Players Stats for Bears

Player Name              G  A  P  +/- PIM S  H  SB GA TA FO     MP     PP MP  PK MP  
------------------------------------------------------------------------------------
Blake Speers             0  0  0  -1  0   0  1  0  0  0  1/2    13:01   0:13   1:28 
Cole Smith               0  0  0   0  0   0  2  2  0  1  0/0    16:27   2:34   0:00 
Emil Johansson           0  0  0   0  0   1  0  1  0  1  0/0    12:24   0:00   0:04 
Gianluca Curcuruto       0  0  0   1  0   3  1  1  0  0  0/0    19:59   2:46   1:56 
Isaac Ratcliffe          1  0  1   1  0   2  0  3  0  0  0/0     9:22   0:13   1:00 
Jerry D'Amigo            0  0  0   1  0   4  2  0  0  0  1/1    21:18   3:40   1:08 
Jesper Pettersson        0  0  0   0  0   0  0  0  0  0  0/0    12:12   0:00   0:00 
Kerby Rychel             0  1  1   1  0   6  2  0  4  0  2/2    22:32   3:30   1:50 
Kevin Rooney             0  0  0  -1  0   4  1  0  0  0  0/5    11:25   0:00   0:23 
Kirill Maksimov          0  0  0   1  0   0  1  0  0  1  0/0     7:17   0:00   0:00 
Mason Appleton           0  0  0   0  0   1  1  0  0  1  0/0    16:35   2:34   0:00 
Michael Prapavessis      0  1  1   1  0   3  0  1  0  1  0/0    19:47   2:46   1:52 
Mikko Vainonen           0  0  0   0  0   0  1  2  1  0  0/0    27:49   3:31   2:02 
Nicholas Caamano         0  0  0  -1  2   3  0  0  0  0  1/1    12:20   0:03   0:00 
Sam Carrick              1  0  1   1  2   1  1  0  1  1  20/38  20:43   3:30   0:25 
Tanner Laczynski         0  0  0   0  0   1  1  1  0  0  3/9    17:57   2:34   1:42 
Tommy Vannelli           0  1  1   0  0   2  0  6  1  1  0/0    27:49   3:31   2:02 
Vincent Dunn             0  1  1   1  0   2  0  0  2  0  2/3     7:03   0:00   0:00 

Players Stats for Punishers

Player Name              G  A  P  +/- PIM S  H  SB GA TA FO     MP     PP MP  PK MP  
------------------------------------------------------------------------------------
Adam Ruzicka             0  1  1   0  0   2  0  0  1  1  5/12   14:26   0:03   0:56 
Ben Betker               0  0  0   0  2   1  0  1  0  1  0/0    26:07   2:07   2:50 
Ben Meyers               0  0  0   0  0   0  2  0  0  0  1/2     5:29   0:00   0:00 
Braden Tracey            1  0  1   0  2   1  4  1  1  0  1/1    13:20   0:05   0:00 
Carson Meyer             0  1  1   0  0   2  1  0  0  1  0/0    14:03   0:29   0:00 
Daniel Audette           0  0  0   0  0   3  2  0  1  1  3/8    17:29   1:22   1:24 
Jesse Ylonen             0  0  0   0  0   1  0  0  1  0  0/2     9:33   0:19   1:39 
Karson Kuhlman           0  0  0  -1  0   2  1  0  1  0  19/28  19:27   2:04   2:21 
Kole Lind                0  0  0   0  0   4  2  1  1  0  0/0    15:41   1:25   0:00 
Kurtis Gabriel           0  0  0  -1  0   3  0  1  0  0  1/2    17:23   2:04   1:08 
Lassi Thomson            0  0  0  -1  0   0  1  0  0  1  0/0    13:36   0:00   1:03 
Nicolas Beaudin          0  0  0   0  0   0  0  1  0  0  0/0    20:36   1:51   2:14 
Niko Mikkola             0  0  0   0  0   1  0  0  0  1  0/0    26:51   2:07   4:03 
Oskar Lindblom           0  0  0  -1  2   3  4  1  1  0  1/6    22:47   2:09   2:17 
Rasmus Sandin            0  0  0  -1  2   0  0  0  0  0  0/0    13:32   0:00   0:30 
Ryan Suzuki              0  0  0   0  0   0  0  0  0  0  0/0     4:31   0:29   0:00 
Urho Vaakanainen         0  0  0   0  0   3  1  2  0  1  0/0    20:02   1:51   2:10 
Warren Foegele           0  0  0   0  0   1  2  0  0  2  0/0    17:07   1:25   0:53 

3 Stars

1 - Garret Sparks (Her)
2 - Isaac Ratcliffe (Her)
3 - Antoine Bibeau (Pro)

Power Play

Bears - 0 on 4 Attempt(s) - 0.00%
Punishers - 0 on 2 Attempt(s) - 0.00%

Penalty Kill

Bears - 2 on 2 Attempt(s) - 100.00% - Score 0 goal in Penalty Kill
Punishers - 4 on 4 Attempt(s) - 100.00% - Score 0 goal in Penalty Kill

Team Stat

Bears - Hits : 14 - Faceoff Wins : 30 - Blocked Shots : 17 - Penalty Minutes : 4
Punishers - Hits : 20 - Faceoff Wins : 31 - Blocked Shots : 8 - Penalty Minutes : 8

Official

Referees : Frederick L'Ecuyer and Tom Chmielewski
Linesman : Mark Shewchyk and Ryan Gibbons

Game Notes

No Game Note

Finance

Level 1 -- Attendance: 2000 (100.00%) -- Ticket Income $140,000
Level 2 -- Attendance: 971 (97.10%) -- Ticket Income $38,840
Total Attendance: 2971 (99.03%)
Total Ticket Income: $178,840
Other Income: $8,942
Total Income: $187,782

Bears

5 vs 5 Forward 
   Center                   Left Wing                Right Wing               Time % Phy DF OF 
 1 Sam Carrick              Kerby Rychel             Jerry D'Amigo            40     0   1  4  
 2 Tanner Laczynski         Cole Smith               Mason Appleton           30     0   1  4  
 3 Kevin Rooney             Blake Speers             Nicholas Caamano         20     0   2  3  
 4 Vincent Dunn             Isaac Ratcliffe          Kirill Maksimov          10     0   2  3  

5 vs 5 Defense 
   Defense                  Defense                                           Time % Phy DF OF 
 1 Tommy Vannelli           Mikko Vainonen                                    40     0   3  2  
 2 Gianluca Curcuruto       Michael Prapavessis                               30     0   3  2  
 3 Emil Johansson           Jesper Pettersson                                 20     0   3  2  
 4 Tommy Vannelli           Mikko Vainonen                                    10     0   3  2  

PowerPlay Forward 
   Center                   Left Wing                Right Wing               Time % Phy DF OF 
 1 Sam Carrick              Kerby Rychel             Jerry D'Amigo            60     0   0  5  
 2 Tanner Laczynski         Cole Smith               Mason Appleton           40     0   1  4  

PowerPlay Defense
   Defense                  Defense                                           Time % Phy DF OF 
 1 Tommy Vannelli           Mikko Vainonen                                    60     0   2  3  
 2 Gianluca Curcuruto       Michael Prapavessis                               40     0   2  3  

Penalty Kill 4 Players Forward 
   Center                   Wing                     Time % Phy DF OF 
 1 Tanner Laczynski         Kerby Rychel             60     0   4  1  
 2 Sam Carrick              Jerry D'Amigo            40     0   4  1  

Penalty Kill 4 Players Defense
   Defense                  Defense                  Time % Phy DF OF 
 1 Tommy Vannelli           Mikko Vainonen           60     0   4  1  
 2 Gianluca Curcuruto       Michael Prapavessis      40     0   4  1  

Penalty Kill - 3 Players Forward 
   Forward                                           Time % Phy DF OF 
 1 Kerby Rychel                                      60     0   5  0  
 2 Tanner Laczynski                                  40     0   5  0  

Penalty Kill - 3 Players Defense
   Defense                  Defense                  Time % Phy DF OF 
 1 Tommy Vannelli           Mikko Vainonen           60     0   5  0  
 2 Gianluca Curcuruto       Michael Prapavessis      40     0   5  0  

4 vs 4 Forward 
   Center                   Wing                     Time % Phy DF OF 
 1 Sam Carrick              Kerby Rychel             60     0   1  4  
 2 Tanner Laczynski         Jerry D'Amigo            40     0   1  4  

4 vs 4 Defense
   Defense                  Defense                  Time % Phy DF OF 
 1 Tommy Vannelli           Mikko Vainonen           60     0   2  3  
 2 Gianluca Curcuruto       Michael Prapavessis      40     0   2  3  

Last Minutes Offensive
   Center                   Left Wing                Right Wing               Defense                  Defense                  
   Tanner Laczynski         Kerby Rychel             Jerry D'Amigo            Tommy Vannelli           Mikko Vainonen           

Last Minutes Defensive
   Center                   Left Wing                Right Wing               Defense                  Defense                  
   Sam Carrick              Kerby Rychel             Jerry D'Amigo            Tommy Vannelli           Mikko Vainonen           

Goaltenders
Starting : Garret Sparks            
Backup : Artyom Zagidulin         

Extra Forwards
Normal : Kerby Rychel, Jerry D'Amigo, Mason Appleton - PP : Kerby Rychel, Jerry D'Amigo - PK : Kerby Rychel
Extra Defensemen
Normal : Tommy Vannelli, Mikko Vainonen, Gianluca Curcuruto - PP : Tommy Vannelli - PK : Tommy Vannelli, Mikko Vainonen
Penalty Shots
Kerby Rychel, Jerry D'Amigo, Mason Appleton, Tanner Laczynski, Cole Smith
Custom OT Lines Forwards
Kerby Rychel, Mason Appleton, Jerry D'Amigo, Tanner Laczynski, Sam Carrick, Cole Smith, Kevin Rooney, Vincent Dunn, Nicholas Caamano, Blake Speers
Custom OT Lines Defensemen
Tommy Vannelli, Mikko Vainonen, Gianluca Curcuruto, Michael Prapavessis, Emil Johansson

Scratches
Colby Cave (Left Foot Injury), David Farrance (Healthy), Mackenze Stewart (Healthy), Zack Hayes (Healthy), Mario Ferraro (Healthy)
Will Reilly (Healthy), Kristians Rubins (Healthy), Ryan Graves (Healthy), Jakob Stenqvist (Healthy), Tim Gettinger (Healthy)
Arvid Henrikson (Healthy), Jeremy Michel (Healthy)

Punishers

5 vs 5 Forward 
   Center                   Left Wing                Right Wing               Time % Phy DF OF 
 1 Karson Kuhlman           Oskar Lindblom           Kurtis Gabriel           40     1   2  2  
 2 Daniel Audette           Warren Foegele           Kole Lind                30     1   2  2  
 3 Adam Ruzicka             Braden Tracey            Carson Meyer             20     1   2  2  
 4 Ben Meyers               Oskar Lindblom           Jesse Ylonen             10     1   2  2  

5 vs 5 Defense 
   Defense                  Defense                                           Time % Phy DF OF 
 1 Ben Betker               Niko Mikkola                                      40     1   2  2  
 2 Nicolas Beaudin          Urho Vaakanainen                                  30     1   2  2  
 3 Rasmus Sandin            Lassi Thomson                                     20     1   2  2  
 4 Ben Betker               Niko Mikkola                                      10     1   2  2  

PowerPlay Forward 
   Center                   Left Wing                Right Wing               Time % Phy DF OF 
 1 Karson Kuhlman           Oskar Lindblom           Kurtis Gabriel           60     1   2  2  
 2 Daniel Audette           Warren Foegele           Kole Lind                40     1   2  2  

PowerPlay Defense
   Defense                  Defense                                           Time % Phy DF OF 
 1 Ben Betker               Niko Mikkola                                      60     1   2  2  
 2 Nicolas Beaudin          Urho Vaakanainen                                  40     1   2  2  

Penalty Kill 4 Players Forward 
   Center                   Wing                     Time % Phy DF OF 
 1 Oskar Lindblom           Karson Kuhlman           60     1   2  2  
 2 Daniel Audette           Kurtis Gabriel           40     1   2  2  

Penalty Kill 4 Players Defense
   Defense                  Defense                  Time % Phy DF OF 
 1 Ben Betker               Niko Mikkola             60     1   2  2  
 2 Nicolas Beaudin          Urho Vaakanainen         40     1   2  2  

Penalty Kill - 3 Players Forward 
   Forward                                           Time % Phy DF OF 
 1 Oskar Lindblom                                    60     1   2  2  
 2 Karson Kuhlman                                    40     1   2  2  

Penalty Kill - 3 Players Defense
   Defense                  Defense                  Time % Phy DF OF 
 1 Ben Betker               Niko Mikkola             60     1   2  2  
 2 Nicolas Beaudin          Urho Vaakanainen         40     1   2  2  

4 vs 4 Forward 
   Center                   Wing                     Time % Phy DF OF 
 1 Oskar Lindblom           Karson Kuhlman           60     1   2  2  
 2 Daniel Audette           Kurtis Gabriel           40     1   2  2  

4 vs 4 Defense
   Defense                  Defense                  Time % Phy DF OF 
 1 Ben Betker               Niko Mikkola             60     1   2  2  
 2 Nicolas Beaudin          Urho Vaakanainen         40     1   2  2  

Last Minutes Offensive
   Center                   Left Wing                Right Wing               Defense                  Defense                  
   Karson Kuhlman           Oskar Lindblom           Kurtis Gabriel           Ben Betker               Niko Mikkola             

Last Minutes Defensive
   Center                   Left Wing                Right Wing               Defense                  Defense                  
   Karson Kuhlman           Oskar Lindblom           Kurtis Gabriel           Ben Betker               Niko Mikkola             

Goaltenders
Starting : Antoine Bibeau           
Backup : Cal Petersen             

Extra Forwards
Normal : Ryan Suzuki, Carson Meyer, Jesse Ylonen - PP : Ryan Suzuki, Carson Meyer - PK : Jesse Ylonen
Extra Defensemen
Normal : Rasmus Sandin, Lassi Thomson, Nicolas Beaudin - PP : Rasmus Sandin - PK : Lassi Thomson, Nicolas Beaudin
Penalty Shots
Oskar Lindblom, Karson Kuhlman, Daniel Audette, Kurtis Gabriel, Kole Lind
Custom OT Lines Forwards
Oskar Lindblom, Karson Kuhlman, Daniel Audette, Kurtis Gabriel, Kole Lind, Warren Foegele, Carson Meyer, Jesse Ylonen, Adam Ruzicka, Ben Meyers
Custom OT Lines Defensemen
Ben Betker, Niko Mikkola, Nicolas Beaudin, Urho Vaakanainen, Rasmus Sandin

Scratches
Joel Kiviranta (Healthy), Noah Juulsen (Healthy), Jack Ahcan (Lower Body Injury), Marcus Karlberg (Healthy), Jack LaFontaine (Healthy)
Carter Gylander (Healthy)

% Time on Ice - Bears

Lines # - Real PCT - Wanted PCT - Time Play
Normal Forward
1 - 32% - 40% - 15:37
2 - 33% - 30% - 16:06
3 - 20% - 20% - 9:53
4 - 14% - 10% - 7:03
Normal Defense
1 - 40% - 40% - 19:35
2 - 31% - 30% - 15:06
3 - 25% - 20% - 12:00
4 - 4% - 10% - 1:58
PP Forward
1 - 59% - 60% - 3:43
2 - 41% - 40% - 2:34
PP Defense
1 - 56% - 60% - 3:31
2 - 44% - 40% - 2:46
PK Forward
1 - 71% - 60% - 2:50
2 - 29% - 40% - 1:08
PK Defense
1 - 53% - 60% - 2:06
2 - 47% - 40% - 1:52
PK3 Forward
1 - 0% - 60%
2 - 0% - 40%
PK3 Defense
1 - 0% - 60%
2 - 0% - 40%
44 Forward
1 - 0% - 60%
2 - 0% - 40%
44 Defense
1 - 0% - 60%
2 - 0% - 40%
Last Minute Offensive  - 0:00
Last Minute Defensive  - 1:06
Total
Forward - 60:00
Defense - 60:00

% Time on Ice - Punishers

Lines # - Real PCT - Wanted PCT - Time Play
Normal Forward
1 - 29% - 40% - 14:19
2 - 33% - 30% - 16:03
3 - 26% - 20% - 12:41
4 - 11% - 10% - 5:29
Normal Defense
1 - 38% - 40% - 18:16
2 - 33% - 30% - 16:01
3 - 26% - 20% - 12:33
4 - 4% - 10% - 1:42
PP Forward
1 - 64% - 60% - 2:33
2 - 36% - 40% - 1:25
PP Defense
1 - 53% - 60% - 2:07
2 - 47% - 40% - 1:51
PK Forward
1 - 76% - 60% - 3:30
2 - 24% - 40% - 1:08
PK Defense
1 - 67% - 60% - 3:07
2 - 33% - 40% - 1:31
PK3 Forward
1 - 100% - 60% - 1:39
2 - 0% - 40% - 0:00
PK3 Defense
1 - 61% - 60% - 1:00
2 - 39% - 40% - 0:39
44 Forward
1 - 0% - 60%
2 - 0% - 40%
44 Defense
1 - 0% - 60%
2 - 0% - 40%
Last Minute Offensive  - 1:13
Last Minute Defensive  - 0:00
Total
Forward - 60:00
Defense - 60:00

Play-by-Play

1st period


0:01 of 1st period - Sam Carrick wins face-off versus Karson Kuhlman in neutral zone.
0:25 of 1st period - Icing by Niko Mikkola.
0:26 of 1st period - Tanner Laczynski wins face-off versus Daniel Audette in Punishers zone.
0:51 of 1st period - Adam Ruzicka is hit by Kevin Rooney and loses puck.
1:12 of 1st period - Emil Johansson is hit by Oskar Lindblom and loses puck.
1:21 of 1st period - Wrist shot by Oskar Lindblom.
1:21 of 1st period - Stopped by Garret Sparks with a rebound.
1:46 of 1st period - Icing by Warren Foegele.
1:47 of 1st period - Tanner Laczynski wins face-off versus Daniel Audette in Punishers zone.
2:40 of 1st period - Snap shot by Daniel Audette.
2:40 of 1st period - Shot Blocked by Cole Smith.
2:42 of 1st period - Wrist shot by Daniel Audette.
2:42 of 1st period - Shot Misses the Net.
2:44 of 1st period - Snap shot by Warren Foegele.
2:44 of 1st period - Shot Misses the Net.
2:46 of 1st period - Snap shot by Warren Foegele.
2:46 of 1st period - Stopped by Garret Sparks with a rebound.
3:02 of 1st period - Wrist shot by Kole Lind.
3:02 of 1st period - Stopped by Garret Sparks with a rebound.
3:04 of 1st period - Wrist shot by Daniel Audette.
3:04 of 1st period - Stopped by Garret Sparks without a rebound.
3:05 of 1st period - Sam Carrick wins face-off versus Karson Kuhlman in Bears zone.
3:07 of 1st period - Minor Penalty to Sam Carrick for Delaying the game.
3:08 of 1st period - Oskar Lindblom wins face-off versus Blake Speers in Bears zone.
3:20 of 1st period - Slapshot by Kurtis Gabriel.
3:20 of 1st period - Stopped by Garret Sparks with a rebound.
5:07 of 1st period - Penalty to Sam Carrick is over, Sam Carrick is back on ice.
5:40 of 1st period - Emil Johansson is hit by Ben Meyers and loses puck.
6:20 of 1st period - Sam Carrick is hit by Oskar Lindblom and loses puck.
7:11 of 1st period - Off-side.
7:12 of 1st period - Daniel Audette wins face-off versus Tanner Laczynski in neutral zone.
7:15 of 1st period - Snap shot by Daniel Audette.
7:15 of 1st period - Shot Blocked by Michael Prapavessis.
7:17 of 1st period - Snap shot by Kole Lind.
7:17 of 1st period - Stopped by Garret Sparks with a rebound.
7:43 of 1st period - Wrist shot by Jerry D'Amigo.
7:43 of 1st period - Stopped by Antoine Bibeau with a rebound.
7:45 of 1st period - Slapshot by Gianluca Curcuruto.
7:45 of 1st period - Stopped by Antoine Bibeau with a rebound.
8:39 of 1st period - Oskar Lindblom is hit by Jerry D'Amigo.
8:49 of 1st period - Niko Mikkola is hit by Mason Appleton and loses puck.
9:06 of 1st period - Minor Penalty to Braden Tracey for Delaying the game.
9:07 of 1st period - Sam Carrick wins face-off versus Oskar Lindblom in Punishers zone.
9:55 of 1st period - Ben Betker is hit by Jerry D'Amigo and loses puck.
10:34 of 1st period - Icing by Kerby Rychel.
10:35 of 1st period - Sam Carrick wins face-off versus Jesse Ylonen in Bears zone.
10:40 of 1st period - Snap shot by Warren Foegele.
10:40 of 1st period - Shot Misses the Net.
11:06 of 1st period - Penalty to Braden Tracey is over, Braden Tracey is back on ice.
11:28 of 1st period - Snap shot by Carson Meyer.
11:28 of 1st period - Stopped by Garret Sparks without a rebound.
11:29 of 1st period - Karson Kuhlman wins face-off versus Kevin Rooney in Bears zone.
11:36 of 1st period - Snap shot by Kurtis Gabriel.
11:36 of 1st period - Shot Misses the Net.
12:04 of 1st period - Snap shot by Cole Smith.
12:04 of 1st period - Deflect By Mason Appleton.
12:04 of 1st period - Shot Blocked by Ben Betker.
12:04 of 1st period - Puck is out of play.
12:05 of 1st period - Adam Ruzicka wins face-off versus Sam Carrick in Punishers zone.
12:18 of 1st period - Wrist shot by Kerby Rychel.
12:18 of 1st period - Shot Misses the Net.
12:20 of 1st period - Slapshot by Michael Prapavessis.
12:20 of 1st period - Stopped by Antoine Bibeau without a rebound.
12:21 of 1st period - Karson Kuhlman wins face-off versus Sam Carrick in Punishers zone.
12:57 of 1st period - Slapshot by Nicholas Caamano.
12:57 of 1st period - Stopped by Antoine Bibeau with a rebound.
13:07 of 1st period - Slapshot by Vincent Dunn.
13:07 of 1st period - Stopped by Antoine Bibeau without a rebound.
13:08 of 1st period - Adam Ruzicka wins face-off versus Vincent Dunn in Punishers zone.
13:17 of 1st period - Snap shot by Vincent Dunn.
13:17 of 1st period - Stopped by Antoine Bibeau with a rebound.
13:19 of 1st period - Snap shot by Isaac Ratcliffe.
13:19 of 1st period - Stopped by Antoine Bibeau without a rebound.
13:20 of 1st period - Karson Kuhlman wins face-off versus Sam Carrick in Punishers zone.
13:35 of 1st period - Snap shot by Sam Carrick.
13:35 of 1st period - Goal by Sam Carrick - Bears : 1 - Punishers : 0.
13:36 of 1st period - Karson Kuhlman wins face-off versus Sam Carrick in neutral zone.
13:45 of 1st period - Slapshot by Karson Kuhlman.
13:45 of 1st period - Deflect By Tommy Vannelli.
13:45 of 1st period - Shot Blocked by Tommy Vannelli.
13:45 of 1st period - Puck is out of play.
13:46 of 1st period - Karson Kuhlman wins face-off versus Sam Carrick in Bears zone.
14:05 of 1st period - Wrist shot by Kurtis Gabriel.
14:05 of 1st period - Shot Blocked by Tommy Vannelli.
14:09 of 1st period - Wrist shot by Kurtis Gabriel.
14:09 of 1st period - Stopped by Garret Sparks without a rebound.
14:10 of 1st period - Daniel Audette wins face-off versus Tanner Laczynski in Bears zone.
14:19 of 1st period - Snap shot by Tanner Laczynski.
14:19 of 1st period - Shot Blocked by Urho Vaakanainen.
14:21 of 1st period - Slapshot by Gianluca Curcuruto.
14:21 of 1st period - Deflect By Cole Smith.
14:21 of 1st period - Shot Blocked by Kole Lind.
14:21 of 1st period - Puck is out of play.
14:22 of 1st period - Karson Kuhlman wins face-off versus Sam Carrick in Punishers zone.
15:10 of 1st period - Slapshot by Adam Ruzicka.
15:10 of 1st period - Deflect By Braden Tracey.
15:10 of 1st period - Goal by Braden Tracey - Bears : 1 - Punishers : 1.
15:11 of 1st period - Sam Carrick wins face-off versus Oskar Lindblom in neutral zone.
15:14 of 1st period - Slapshot by Jerry D'Amigo.
15:14 of 1st period - Stopped by Antoine Bibeau with a rebound.
15:16 of 1st period - Snap shot by Tommy Vannelli.
15:16 of 1st period - Shot Misses the Net.
15:18 of 1st period - Snap shot by Kerby Rychel.
15:18 of 1st period - Stopped by Antoine Bibeau with a rebound.
15:36 of 1st period - Nicholas Caamano is hit by Carson Meyer and loses puck.
15:41 of 1st period - Wrist shot by Carson Meyer.
15:41 of 1st period - Shot Blocked by Tommy Vannelli.
15:47 of 1st period - Niko Mikkola is hit by Blake Speers.
15:59 of 1st period - Kirill Maksimov is hit by Daniel Audette.
16:05 of 1st period - Slapshot by Michael Prapavessis.
16:05 of 1st period - Deflect By Daniel Audette.
16:05 of 1st period - Stopped by Antoine Bibeau with a rebound.
16:07 of 1st period - Snap shot by Isaac Ratcliffe.
16:07 of 1st period - Shot Misses the Net.
16:09 of 1st period - Snap shot by Gianluca Curcuruto.
16:09 of 1st period - Stopped by Antoine Bibeau without a rebound.
16:10 of 1st period - Sam Carrick wins face-off versus Karson Kuhlman in Punishers zone.
16:15 of 1st period - Snap shot by Sam Carrick.
16:15 of 1st period - Shot Blocked by Nicolas Beaudin.
16:28 of 1st period - Icing by Nicolas Beaudin.
16:29 of 1st period - Karson Kuhlman wins face-off versus Tanner Laczynski in Punishers zone.
16:37 of 1st period - Icing by Mikko Vainonen.
16:38 of 1st period - Karson Kuhlman wins face-off versus Tanner Laczynski in Bears zone.
16:41 of 1st period - Wrist shot by Kurtis Gabriel.
16:41 of 1st period - Shot Misses the Net.
16:46 of 1st period - Off-side.
16:47 of 1st period - Kerby Rychel wins face-off versus Karson Kuhlman in neutral zone.
17:00 of 1st period - Wrist shot by Kerby Rychel.
17:00 of 1st period - Stopped by Antoine Bibeau without a rebound.
17:01 of 1st period - Sam Carrick wins face-off versus Karson Kuhlman in Punishers zone.
17:12 of 1st period - Snap shot by Kerby Rychel.
17:12 of 1st period - Deflect By Jerry D'Amigo.
17:12 of 1st period - Shot Misses the Net.
17:12 of 1st period - Puck is out of play.
17:13 of 1st period - Kurtis Gabriel wins face-off versus Sam Carrick in Punishers zone.
17:52 of 1st period - Snap shot by Nicholas Caamano.
17:52 of 1st period - Shot Misses the Net.
17:54 of 1st period - Slapshot by Tommy Vannelli.
17:54 of 1st period - Shot Misses the Net.
18:10 of 1st period - Slapshot by Gianluca Curcuruto.
18:10 of 1st period - Stopped by Antoine Bibeau without a rebound.
18:11 of 1st period - Sam Carrick wins face-off versus Daniel Audette in Punishers zone.
18:38 of 1st period - Adam Ruzicka is hit by Tanner Laczynski and loses puck.
19:19 of 1st period - Nicholas Caamano is hit by Kole Lind and loses puck.
19:34 of 1st period - Wrist shot by Kerby Rychel.
19:34 of 1st period - Stopped by Antoine Bibeau with a rebound.
19:46 of 1st period - Slapshot by Adam Ruzicka.
19:46 of 1st period - Deflect By Carson Meyer.
19:46 of 1st period - Shot Blocked by Tommy Vannelli.
19:46 of 1st period - Puck is out of play.
19:47 of 1st period - Vincent Dunn wins face-off versus Adam Ruzicka in Bears zone.
19:52 of 1st period - Michael Prapavessis is hit by Braden Tracey and loses puck.
Goals for this period are 1 for Bears vs 1 for Punishers.
Shots for this period are 15 for Bears vs 9 for Punishers.

2nd period


0:01 of 2nd period - Sam Carrick wins face-off versus Kurtis Gabriel in neutral zone.
0:04 of 2nd period - Wrist shot by Gianluca Curcuruto.
0:04 of 2nd period - Deflect By Jerry D'Amigo.
0:04 of 2nd period - Shot Misses the Net.
0:04 of 2nd period - Puck is out of play.
0:05 of 2nd period - Sam Carrick wins face-off versus Karson Kuhlman in Punishers zone.
0:07 of 2nd period - Minor Penalty to Ben Betker for Diving.
0:08 of 2nd period - Kerby Rychel wins face-off versus Oskar Lindblom in Punishers zone.
0:10 of 2nd period - Snap shot by Jerry D'Amigo.
0:10 of 2nd period - Shot Blocked by Oskar Lindblom.
0:51 of 2nd period - Urho Vaakanainen is hit by Cole Smith and loses puck.
2:07 of 2nd period - Penalty to Ben Betker is over, Ben Betker is back on ice.
2:36 of 2nd period - Wrist shot by Oskar Lindblom.
2:36 of 2nd period - Stopped by Garret Sparks without a rebound.
2:37 of 2nd period - Adam Ruzicka wins face-off versus Kevin Rooney in Bears zone.
2:38 of 2nd period - Slapshot by Carson Meyer.
2:38 of 2nd period - Shot Hit the Post.
2:50 of 2nd period - Slapshot by Nicholas Caamano.
2:50 of 2nd period - Shot Misses the Net.
2:52 of 2nd period - Snap shot by Kevin Rooney.
2:52 of 2nd period - Stopped by Antoine Bibeau without a rebound.
2:53 of 2nd period - Braden Tracey wins face-off versus Sam Carrick in Punishers zone.
3:02 of 2nd period - Sam Carrick is hit by Braden Tracey and loses puck.
3:09 of 2nd period - Braden Tracey is hit by Kerby Rychel.
3:19 of 2nd period - Ben Betker is hit by Cole Smith and loses puck.
3:26 of 2nd period - Slapshot by Mason Appleton.
3:26 of 2nd period - Shot Misses the Net.
3:38 of 2nd period - Snap shot by Nicholas Caamano.
3:38 of 2nd period - Stopped by Antoine Bibeau without a rebound.
3:39 of 2nd period - Karson Kuhlman wins face-off versus Kevin Rooney in Punishers zone.
3:48 of 2nd period - Snap shot by Nicholas Caamano.
3:48 of 2nd period - Shot Misses the Net.
3:50 of 2nd period - Wrist shot by Kevin Rooney.
3:50 of 2nd period - Stopped by Antoine Bibeau with a rebound.
3:52 of 2nd period - Slapshot by Michael Prapavessis.
3:52 of 2nd period - Deflect By Kevin Rooney.
3:52 of 2nd period - Shot Misses the Net.
3:52 of 2nd period - Puck is out of play.
3:53 of 2nd period - Sam Carrick wins face-off versus Daniel Audette in Punishers zone.
4:06 of 2nd period - Snap shot by Jerry D'Amigo.
4:06 of 2nd period - Stopped by Antoine Bibeau with a rebound.
4:23 of 2nd period - Wrist shot by Oskar Lindblom.
4:23 of 2nd period - Stopped by Garret Sparks with a rebound.
4:25 of 2nd period - Slapshot by Kurtis Gabriel.
4:25 of 2nd period - Shot Blocked by Mikko Vainonen.
4:27 of 2nd period - Slapshot by Ben Betker.
4:27 of 2nd period - Deflect By Karson Kuhlman.
4:27 of 2nd period - Stopped by Garret Sparks with a rebound.
4:45 of 2nd period - Icing by Adam Ruzicka.
4:46 of 2nd period - Sam Carrick wins face-off versus Adam Ruzicka in Punishers zone.
5:07 of 2nd period - Minor Penalty to Rasmus Sandin for Interference.
5:08 of 2nd period - Sam Carrick wins face-off versus Oskar Lindblom in Punishers zone.
5:11 of 2nd period - Snap shot by Jerry D'Amigo.
5:11 of 2nd period - Stopped by Antoine Bibeau with a rebound.
5:22 of 2nd period - Off-side.
5:23 of 2nd period - Sam Carrick wins face-off versus Oskar Lindblom in neutral zone.
5:27 of 2nd period - Minor Penalty to Oskar Lindblom for Goalie Interference.
5:28 of 2nd period - Sam Carrick wins face-off versus Jesse Ylonen in Punishers zone.
7:07 of 2nd period - Penalty to Rasmus Sandin is over, Rasmus Sandin is back on ice.
7:27 of 2nd period - Penalty to Oskar Lindblom is over, Oskar Lindblom is back on ice.
7:43 of 2nd period - Michael Prapavessis is hit by Oskar Lindblom and loses puck.
7:56 of 2nd period - Emil Johansson is hit by Kole Lind and loses puck.
8:29 of 2nd period - Icing by Nicholas Caamano.
8:30 of 2nd period - Nicholas Caamano wins face-off versus Ben Meyers in Bears zone.
8:57 of 2nd period - Snap shot by Warren Foegele.
8:57 of 2nd period - Shot Blocked by Tanner Laczynski.
8:59 of 2nd period - Slapshot by Urho Vaakanainen.
8:59 of 2nd period - Stopped by Garret Sparks with a rebound.
9:22 of 2nd period - Tommy Vannelli is hit by Braden Tracey and loses puck.
10:18 of 2nd period - Slapshot by Tommy Vannelli.
10:18 of 2nd period - Stopped by Antoine Bibeau with a rebound.
10:20 of 2nd period - Wrist shot by Isaac Ratcliffe.
10:20 of 2nd period - Goal by Isaac Ratcliffe - Bears : 2 - Punishers : 1.
10:21 of 2nd period - Karson Kuhlman wins face-off versus Sam Carrick in neutral zone.
11:21 of 2nd period - Icing by Nicolas Beaudin.
11:22 of 2nd period - Vincent Dunn wins face-off versus Adam Ruzicka in Punishers zone.
11:54 of 2nd period - Snap shot by Kevin Rooney.
11:54 of 2nd period - Deflect By Nicholas Caamano.
11:54 of 2nd period - Stopped by Antoine Bibeau with a rebound.
11:56 of 2nd period - Slapshot by Emil Johansson.
11:56 of 2nd period - Stopped by Antoine Bibeau with a rebound.
11:58 of 2nd period - Wrist shot by Jesper Pettersson.
11:58 of 2nd period - Deflect By Nicholas Caamano.
11:58 of 2nd period - Shot Misses the Net.
11:58 of 2nd period - Puck is out of play.
11:59 of 2nd period - Karson Kuhlman wins face-off versus Sam Carrick in Punishers zone.
13:01 of 2nd period - Slapshot by Tommy Vannelli.
13:01 of 2nd period - Stopped by Antoine Bibeau with a rebound.
15:06 of 2nd period - Icing by Rasmus Sandin.
15:07 of 2nd period - Blake Speers wins face-off versus Adam Ruzicka in Punishers zone.
15:10 of 2nd period - Snap shot by Kevin Rooney.
15:10 of 2nd period - Stopped by Antoine Bibeau with a rebound.
15:18 of 2nd period - Slapshot by Jesper Pettersson.
15:18 of 2nd period - Shot Blocked by Braden Tracey.
15:30 of 2nd period - Snap shot by Carson Meyer.
15:30 of 2nd period - Stopped by Garret Sparks with a rebound.
15:38 of 2nd period - Tanner Laczynski is hit by Braden Tracey and loses puck.
15:54 of 2nd period - Adam Ruzicka is hit by Kirill Maksimov and loses puck.
16:01 of 2nd period - Slapshot by Michael Prapavessis.
16:01 of 2nd period - Stopped by Antoine Bibeau without a rebound.
16:02 of 2nd period - Sam Carrick wins face-off versus Karson Kuhlman in Punishers zone.
16:28 of 2nd period - Icing by Michael Prapavessis.
16:29 of 2nd period - Daniel Audette wins face-off versus Tanner Laczynski in Bears zone.
16:32 of 2nd period - Snap shot by Kole Lind.
16:32 of 2nd period - Stopped by Garret Sparks without a rebound.
16:33 of 2nd period - Tanner Laczynski wins face-off versus Daniel Audette in Bears zone.
16:33 of 2nd period - Tanner Laczynski is hit by Urho Vaakanainen.
17:05 of 2nd period - Kurtis Gabriel is hit by Sam Carrick and loses puck.
19:09 of 2nd period - Backhand shot by Kole Lind.
19:09 of 2nd period - Shot Blocked by Tommy Vannelli.
19:15 of 2nd period - Slapshot by Kevin Rooney.
19:15 of 2nd period - Stopped by Antoine Bibeau without a rebound.
19:16 of 2nd period - Sam Carrick wins face-off versus Adam Ruzicka in Punishers zone.
19:19 of 2nd period - Snap shot by Kerby Rychel.
19:19 of 2nd period - Stopped by Antoine Bibeau without a rebound.
19:20 of 2nd period - Adam Ruzicka wins face-off versus Sam Carrick in Punishers zone.
19:29 of 2nd period - Slapshot by Adam Ruzicka.
19:29 of 2nd period - Stopped by Garret Sparks without a rebound.
19:30 of 2nd period - Karson Kuhlman wins face-off versus Sam Carrick in Bears zone.
19:31 of 2nd period - Snap shot by Kurtis Gabriel.
19:31 of 2nd period - Stopped by Garret Sparks with a rebound.
19:34 of 2nd period - Icing by Jerry D'Amigo.
19:35 of 2nd period - Sam Carrick wins face-off versus Karson Kuhlman in Bears zone.
Goals for this period are 1 for Bears vs 0 for Punishers.
Shots for this period are 14 for Bears vs 8 for Punishers.

3rd period


0:01 of 3rd period - Karson Kuhlman wins face-off versus Sam Carrick in neutral zone.
0:13 of 3rd period - Kurtis Gabriel is hit by Kerby Rychel and loses puck.
0:26 of 3rd period - Cole Smith is hit by Warren Foegele and loses puck.
0:59 of 3rd period - Snap shot by Mason Appleton.
0:59 of 3rd period - Stopped by Antoine Bibeau with a rebound.
1:07 of 3rd period - Snap shot by Daniel Audette.
1:07 of 3rd period - Stopped by Garret Sparks with a rebound.
1:09 of 3rd period - Snap shot by Kole Lind.
1:09 of 3rd period - Shot Blocked by Mikko Vainonen.
1:11 of 3rd period - Wrist shot by Urho Vaakanainen.
1:11 of 3rd period - Shot Misses the Net.
1:13 of 3rd period - Slapshot by Urho Vaakanainen.
1:13 of 3rd period - Shot Blocked by Cole Smith.
1:21 of 3rd period - Slapshot by Mason Appleton.
1:21 of 3rd period - Shot Misses the Net.
1:49 of 3rd period - Snap shot by Daniel Audette.
1:49 of 3rd period - Shot Misses the Net.
1:55 of 3rd period - Snap shot by Daniel Audette.
1:55 of 3rd period - Stopped by Garret Sparks without a rebound.
1:56 of 3rd period - Jerry D'Amigo wins face-off versus Karson Kuhlman in Bears zone.
1:58 of 3rd period - Icing by Michael Prapavessis.
1:59 of 3rd period - Karson Kuhlman wins face-off versus Sam Carrick in Bears zone.
2:08 of 3rd period - Wrist shot by Karson Kuhlman.
2:08 of 3rd period - Shot Misses the Net.
2:10 of 3rd period - Wrist shot by Oskar Lindblom.
2:10 of 3rd period - Shot Blocked by Gianluca Curcuruto.
2:12 of 3rd period - Wrist shot by Niko Mikkola.
2:12 of 3rd period - Stopped by Garret Sparks without a rebound.
2:13 of 3rd period - Karson Kuhlman wins face-off versus Sam Carrick in Bears zone.
2:38 of 3rd period - Slapshot by Vincent Dunn.
2:38 of 3rd period - Shot Blocked by Kurtis Gabriel.
3:02 of 3rd period - Snap shot by Kurtis Gabriel.
3:02 of 3rd period - Shot Blocked by Isaac Ratcliffe.
3:04 of 3rd period - Slapshot by Ben Betker.
3:04 of 3rd period - Shot Blocked by Isaac Ratcliffe.
3:10 of 3rd period - Snap shot by Karson Kuhlman.
3:10 of 3rd period - Shot Misses the Net.
3:12 of 3rd period - Snap shot by Ben Betker.
3:12 of 3rd period - Stopped by Garret Sparks without a rebound.
3:13 of 3rd period - Sam Carrick wins face-off versus Adam Ruzicka in Bears zone.
3:43 of 3rd period - Daniel Audette is hit by Mikko Vainonen and loses puck.
4:53 of 3rd period - Snap shot by Mason Appleton.
4:53 of 3rd period - Shot Misses the Net.
5:07 of 3rd period - Slapshot by Jesper Pettersson.
5:07 of 3rd period - Shot Misses the Net.
6:12 of 3rd period - Slapshot by Tanner Laczynski.
6:12 of 3rd period - Stopped by Antoine Bibeau with a rebound.
7:02 of 3rd period - Backhand shot by Kurtis Gabriel.
7:02 of 3rd period - Shot Misses the Net.
8:04 of 3rd period - Snap shot by Jerry D'Amigo.
8:04 of 3rd period - Deflect By Kerby Rychel.
8:04 of 3rd period - Stopped by Antoine Bibeau with a rebound.
8:41 of 3rd period - Slapshot by Mikko Vainonen.
8:41 of 3rd period - Shot Blocked by Urho Vaakanainen.
9:00 of 3rd period - Slapshot by Urho Vaakanainen.
9:00 of 3rd period - Deflect By Carson Meyer.
9:00 of 3rd period - Shot Blocked by Emil Johansson.
9:00 of 3rd period - Puck is out of play.
9:01 of 3rd period - Sam Carrick wins face-off versus Adam Ruzicka in Bears zone.
9:01 of 3rd period - Sam Carrick is hit by Lassi Thomson.
9:34 of 3rd period - Gianluca Curcuruto is hit by Warren Foegele and loses puck.
9:51 of 3rd period - Emil Johansson is hit by Ben Meyers and loses puck.
11:08 of 3rd period - Icing by Tommy Vannelli.
11:09 of 3rd period - Ben Meyers wins face-off versus Kevin Rooney in Bears zone.
11:38 of 3rd period - Wrist shot by Jerry D'Amigo.
11:38 of 3rd period - Deflect By Kerby Rychel.
11:38 of 3rd period - Stopped by Antoine Bibeau without a rebound.
11:39 of 3rd period - Adam Ruzicka wins face-off versus Sam Carrick in Punishers zone.
12:09 of 3rd period - Snap shot by Adam Ruzicka.
12:09 of 3rd period - Stopped by Garret Sparks without a rebound.
12:10 of 3rd period - Karson Kuhlman wins face-off versus Kevin Rooney in Bears zone.
12:13 of 3rd period - Snap shot by Kurtis Gabriel.
12:13 of 3rd period - Shot Misses the Net.
12:15 of 3rd period - Minor Penalty to Nicholas Caamano for Slashing.
12:16 of 3rd period - Karson Kuhlman wins face-off versus Tanner Laczynski in Bears zone.
12:25 of 3rd period - Backhand shot by Karson Kuhlman.
12:25 of 3rd period - Shot Blocked by Tommy Vannelli.
12:27 of 3rd period - Wrist shot by Oskar Lindblom.
12:27 of 3rd period - Shot Misses the Net.
12:29 of 3rd period - Wrist shot by Kurtis Gabriel.
12:29 of 3rd period - Shot Misses the Net.
12:31 of 3rd period - Slapshot by Ben Betker.
12:31 of 3rd period - Shot Misses the Net.
12:41 of 3rd period - Wrist shot by Kole Lind.
12:41 of 3rd period - Stopped by Garret Sparks with a rebound.
12:43 of 3rd period - Wrist shot by Urho Vaakanainen.
12:43 of 3rd period - Stopped by Garret Sparks with a rebound.
12:45 of 3rd period - Slapshot by Nicolas Beaudin.
12:45 of 3rd period - Shot Misses the Net.
12:47 of 3rd period - Slapshot by Nicolas Beaudin.
12:47 of 3rd period - Shot Misses the Net.
12:49 of 3rd period - Wrist shot by Urho Vaakanainen.
12:49 of 3rd period - Stopped by Garret Sparks with a rebound.
13:39 of 3rd period - Gianluca Curcuruto is hit by Daniel Audette and loses puck.
14:15 of 3rd period - Penalty to Nicholas Caamano is over, Nicholas Caamano is back on ice.
14:50 of 3rd period - Snap shot by Ben Meyers.
14:50 of 3rd period - Shot Blocked by Isaac Ratcliffe.
16:22 of 3rd period - Kurtis Gabriel is hit by Gianluca Curcuruto and loses puck.
16:56 of 3rd period - Emil Johansson is hit by Oskar Lindblom and loses puck.
18:50 of 3rd period - Gianluca Curcuruto is hit by Karson Kuhlman.
19:08 of 3rd period - Punishers, Antoine Bibeau is pulled from the net.
19:08 of 3rd period - Wrist shot by Jesse Ylonen.
19:08 of 3rd period - Stopped by Garret Sparks without a rebound.
19:09 of 3rd period - John Anderson call a timeout for Punishers.
19:09 of 3rd period - Karson Kuhlman wins face-off versus Sam Carrick in Bears zone.
19:26 of 3rd period - Slapshot by Karson Kuhlman.
19:26 of 3rd period - Stopped by Garret Sparks with a rebound.
19:28 of 3rd period - Snap shot by Karson Kuhlman.
19:28 of 3rd period - Deflect By Sam Carrick.
19:28 of 3rd period - Shot Misses the Net.
19:28 of 3rd period - Puck is out of play.
19:29 of 3rd period - Karson Kuhlman wins face-off versus Sam Carrick in Bears zone.
19:32 of 3rd period - Snap shot by Jesse Ylonen.
19:32 of 3rd period - Shot Misses the Net.
Goals for this period are 0 for Bears vs 0 for Punishers.
Shots for this period are 4 for Bears vs 10 for Punishers.